 Dungeon Crawl Stone Soup version 0.18-a0-1805-g8ab820f (webtiles) character file.

53 vatarom the Shield-Bearer (level 3, -1/31 HPs)
             Began as a Hill Orc Fighter on Apr 21, 2016.
             Succumbed to Sigmund's poison
             ... on level 2 of the Dungeon on Apr 25, 2016.
             The game lasted 00:03:53 (754 turns).

vatarom the Shield-Bearer (Hill Orc Fighter)         Turns: 754, Time: 00:03:54

Health: -1/31      AC: 10    Str: 24    XL:     3   Next: 89%
Magic:  3/3        EV:  7    Int:  8    God:
Gold:   22         SH: 10    Dex: 12    Spells: 0 memorised, 2 levels left

rFire  . . .     SeeInvis .     a - +0 war axe
rCold  . . .     Gourm    .     b - +0 scale mail
rNeg   . . .     Faith    .     c - +0 shield
rPois  .         Spirit   .     (helmet restricted)
rElec  .         Dismiss  .     l - +1 cloak
rCorr  .         Reflect  .     (no gloves)
SustAt .         Harm     .     (no boots)
MR     .....                    (no amulet)
Stlth  ..........               (no ring)
                                (no ring)

@: mighty, lethally poisoned (-1 -> -32), not resistant to hostile enchantments,
extremely unstealthy
A: horns 1, icy blue scales 1, agile 1
a: no special abilities


You were on level 2 of the Dungeon.
You were not hungry.

You visited 1 branch of the dungeon, and saw 2 of its levels.

You collected 22 gold pieces.

Inventory:

Hand Weapons
 a - a +0 war axe (weapon)
Missiles
 g - a javelin (quivered)
Armour
 b - a +0 scale mail (worn)
 c - a +0 shield (worn)
 l - a +1 cloak (worn)
Comestibles
 f - 2 bread rations
 i - a royal jelly
 j - 3 chunks of flesh


   Skills:
 - Level 3.6 Fighting
 - Level 2.6 Axes
 + Level 4.1 Armour
 + Level 4.4 Shields


You had 2 spell levels left.
You didn't know any spells.

Dungeon Overview and Level Annotations

Branches:
Dungeon (2/15)

Altars:

Annotations:
D:2 Sigmund


Innate Abilities, Weirdness & Mutations

You have a pair of small horns on your head.
You are partially covered in icy blue scales (AC +1).
You are agile. (Dex +2)


Message History

You closely miss something.
You feel sick. Something hits you but does no damage.
You are lethally poisoned!
You barely miss something.
You feel sick.
You hear some strange, mumbled words.
Something tries to affect you, but you resist.
Something hits you but does no damage.
You are more poisoned.
Your shield and scale mail prevent you from hitting something.
* * * LOW HITPOINT WARNING * * *
You feel very sick. Something hits you.
* * * LOW HITPOINT WARNING * * *
You are more poisoned.
You miss something.
* * * LOW HITPOINT WARNING * * *
You feel very sick. Something hits you but does no damage.
You closely miss something. Your headbutt misses something.
You die...

#..##.#...##..§§..§
#..##.....##.....÷.
#..##.#...##.......
#.....#...##.......
#######.#....#.##.<.....
.......)..####.##.......
######.#....#.##.######
###(#.####.##.
#.{@######.##.
#.#........##.
#.#.........#. #
#.........#. #.........
#..(...... .......###
#.#...... ..#......


There were no monsters in sight!

Vanquished Creatures
  2 adders (D:2)
  A dart slug (D:1)
  7 bats (D:1)
  2 giant cockroaches (D:1)
  3 goblins (D:1)
  6 hobgoblins (D:1)
  2 giant newts
  7 kobolds
  3 rats (D:1)
33 creatures vanquished.

Notes
Turn   | Place    | Note
--------------------------------------------------------------
     0 | D:1      | vatarom the Hill Orc Fighter began the quest for the Orb.
     0 | D:1      | Reached XP level 1. HP: 19/19 MP: 1/1
     0 | D:1      | Upgraded the game from 0.18-a0-1789-gbeff17f to 0.18-a0-1805-g8ab820f
    81 | D:1      | Gained mutation: You are agile. (Dex +2) [potion of mutation]
    81 | D:1      | Gained mutation: You have a pair of small horns on your head. [potion of mutation]
    81 | D:1      | Gained mutation: You are partially covered in icy blue scales (AC +1). [potion of mutation]
   111 | D:1      | Reached XP level 2. HP: 17/26 MP: 2/2
   353 | D:1      | Reached XP level 3. HP: 30/31 MP: 3/3
   732 | D:2      | Noticed Sigmund
   754 | D:2      | Succumbed to Sigmund's poison

Vault maps used:
D:1:      tarquinn_simple_flora_water_e, nrook_mini_vaults, hex_tiny
D:2:      uniq_sigmund, uniq_iyjb

Skill      XL: |  1  2  3 |
---------------+----------+-----
Shields        | 4 |  4.4
Armour         | 4 |  4.1
Fighting       | |  3.6
Axes           | |  2.6

Action                   || total
-------------------------++-------
Melee: War axe           ||    97
       Headbutt          ||    12
Throw: Javelin           ||     2
  Use: Potion            ||     3
       Scroll            ||     5
Armor: Scale mail        ||    64
Dodge: Dodged            ||    37
Block: Shield            ||    57
